 Dungeon Crawl Stone Soup version 0.28.0-43-g3370ac3207 (webtiles) character file.

Game seed: 4542844504136582527

38532 Peloso the Tortoise (level 13, -3/119 HPs)
             Began as a Minotaur Fighter on Mar 26, 2022.
             Was the Champion of Okawaru.
             Slain by an ogre
             ... wielding a +0 giant club
              (13 damage)
             ... on level 1 of the Orcish Mines.
             The game lasted 00:47:22 (20831 turns).

Peloso the Tortoise (Minotaur Fighter)             Turns: 20831, Time: 00:47:22

Health: -3/119     AC: 23    Str: 23    XL:     13   Next: 64%
Magic:  12/12      EV:  4    Int:  5    God:    Okawaru [******]
Gold:   485        SH: 14    Dex: 19    Spells: 12/12 levels left

rFire   + . .      SeeInvis .   a - +3 scimitar (flame)
rCold   . . .      Faith    .   c - +1 kite shield {reflect}
rNeg    . . .      Spirit   .   h - +1 plate armour {rF+}
rPois   .          Reflect  +   p - +0 hat
rElec   .          Harm     .   (no cloak)
rCorr   +          Rampage  .   D - +3 pair of gloves of Hopscotch {Regen+ rCorr Stlth-}
Will    +....                   (no boots)
Stlth   ..........              (no amulet)
HPRegen 1.09/turn               H - ring of willpower
MPRegen 0.13/turn               w - +6 ring of dexterity

@: petrifying, hasted, studying Crossbows
A: horns 2, retaliatory headbutt
a: Renounce Religion, Heroism, Finesse, Duel


You were on level 1 of the Orcish Mines.
You worshipped Okawaru.
Okawaru was exalted by your worship.
You visited 4 branches of the dungeon, and saw 18 of its levels.
You also visited: Volcano.

You collected 1097 gold pieces.
You spent 612 gold pieces at shops.

Inventory:

Hand Weapons
 a - a +3 scimitar of flaming (weapon)
 b - a +1 whip of flaming
 y - a +5 vorpal long sword
Armour
 c - a +1 kite shield of reflection (worn)
 h - a +1 plate armour of fire resistance (worn)
 p - a +0 hat (worn)
 D - the +3 pair of gloves of Hopscotch (worn) {Regen+ rCorr Stlth-}
   (You bought it in a shop on level 3 of the Dungeon)

   Regen:     It increases your rate of health regeneration.
   rCorr:     It protects you from acid and corrosion.
   Stlth:     It makes you less stealthy.
Jewellery
 i - a ring of see invisible
 w - a +6 ring of dexterity (right hand)
 z - a +6 ring of dexterity
 H - a ring of willpower (left hand)
 O - a ring of ice
Wands
 j - a wand of digging (5)
Scrolls
 n - 4 scrolls of fog
 o - a scroll of identify
 r - 4 scrolls of magic mapping
 s - 4 scrolls of noise {unknown}
 t - a scroll of vulnerability {unknown}
 u - 2 scrolls of torment {unknown}
 v - 9 scrolls of teleportation
 C - 2 scrolls of fear {unknown}
 I - a scroll of blinking {unknown}
 J - 2 scrolls of summoning {unknown}
 Q - 3 scrolls of silence {unknown}
Potions
 d - 3 potions of haste
 e - 2 potions of might
 g - a potion of flight
 x - a potion of invisibility {unknown}
 A - a potion of magic {unknown}
 B - 2 potions of resistance {unknown}
 M - 4 potions of curing
 N - 3 potions of mutation {unknown}
 T - a potion of berserk rage {unknown}
 V - a potion of brilliance {unknown}


   Skills:
 + Level 12.3 Fighting
 + Level 15.6 Long Blades
 + Level 16.3 Armour
 + Level 3.2 Dodging
 + Level 1.8 Stealth
 + Level 12.6 Shields
 + Level 1.1 Invocations


You had 12 spell levels left.
You didn't know any spells.
Your spell library contained the following spells:

 Spells                   Type           Power      Damage    Failure   Level
 Magic Dart               Conj           0%         1d3       100%        1
 Shock                    Conj/Air       0%         1d3       100%        1
 Scorch                   Fire           0%         2d5       100%        2
 Sublimation of Blood     Necr           0%         N/A       100%        2
 Wereblood                Tmut           0%         N/A       100%        2
 Mephitic Cloud           Conj/Pois/Air  0%         N/A       100%        3
 Ozocubu's Armour         Ice            0%         N/A       100%        3
 Swiftness                Air            0%         N/A       100%        3
 Airstrike                Air            0%         N/A       100%        4
 Flame Wave               Conj/Fire      0%         2d4       100%        4
 Metabolic Englaciation   Hex/Ice        0%         N/A       100%        5
 Call Imp                 Summ           Unusable   N/A       N/A         2
 Simulacrum               Ice/Necr       Unusable   N/A       N/A         6
 Summon Cactus Giant      Summ           Unusable   N/A       N/A         6
 Summon Hydra             Summ           Unusable   N/A       N/A         7

Dungeon Overview and Level Annotations

Branches:
Dungeon (12/15)            Temple (1/1) D:5            Lair (4/6) D:8
  Swamp (0/4) Lair:2        Snake (0/4) Lair:4          Orc (1/2) D:10
Volcano (visited)

Altars:
Ashenzari
Cheibriados
Dithmenos
Elyvilon
Fedhas
Gozag
Hepliaklqana
Kikubaaqudgha
Makhleb
Nemelex Xobeh
Okawaru
Qazlal
Ru
Trog
Uskayaw
Vehumet
Wu Jian
Xom
Yredelemnul
Zin
The Shining One

Shops:
D:3 [   D:5 (   D:6 *   D:8 =   D:10 ?   D:11 ?

Annotations:
D:12 Casa
Orc:1 Jorgrun


Innate Abilities, Weirdness & Mutations

You have a pair of horns on your head.
You reflexively headbutt those who attack you in melee.


Message History

Jorgrun hits you with a +0 vorpal quarterstaff.
The grasping roots constrict you. The troll bites you but does no damage.
The troll claws you! The troll claws you but does no damage.
The ogre hits you with a +0 giant club! Jorgrun casts a spell at you.
You easily resist.
The grasping roots constrict you. The troll bites you! The troll claws you!
The troll claws you but does no damage. Jorgrun hits you but does no damage.
The grasping roots constrict you! The ogre hits you but does no damage.
The troll bites you but does no damage. The troll claws you. x2
Jorgrun hits you with a +0 vorpal quarterstaff!
The grasping roots constrict you!
* * * LOW HITPOINT WARNING * * *
The ogre hits you with a +0 giant club!
* * * LOW HITPOINT WARNING * * *
The troll bites you!
* * * LOW HITPOINT WARNING * * *
The troll claws you.
* * * LOW HITPOINT WARNING * * *
The troll claws you.
* * * LOW HITPOINT WARNING * * *
The grasping roots release their grip on you.
Jorgrun hits you with a +0 vorpal quarterstaff!
* * * LOW HITPOINT WARNING * * *
x2 The troll bites you!
* * * LOW HITPOINT WARNING * * *
The troll claws you but does no damage. x2
You turn to flesh and can move again.
Unknown command.
You feel yourself speed up. You block the ogre's attack.
You block Jorgrun's attack. The troll barely misses you.
You furiously retaliate!
You headbutt the troll, but do no damage.
The troll claws you but does no damage. You block the troll's attack.
You slash Jorgrun! You burn Jorgrun. You headbutt Jorgrun.
Jorgrun is almost dead.
Jorgrun casts a spell at you.
You are slowing down.
The ogre hits you with a +0 giant club!!
You die...

..............#
..$...........#
.......$......#
.............##
......>.......#
..............#
......g......#
......T@.....##
......O.......#
....#.........#
..............#
..........><..#
$.............#
.#....#.......#
##...........#
#...........#


You could see Jorgrun, a troll and an ogre.

Vanquished Creatures
  2 hydras
  A boulder beetle (D:11)
  Harold (D:7)
  2 two-headed ogres
  Erica (D:7)
  Urug (D:11)
  Pikel (D:3)
  A deep elf pyromancer (D:12)
  4 oklob plants
  An ugly thing (D:10)
  2 manticores
  4 elephants (Lair:3)
  3 black mambas
  Joseph (D:7)
  A molten gargoyle (Volcano)
  2 unseen horrors (D:11)
  7 cane toads
  2 efreet (Volcano)
  Maggie (D:8)
  A rime drake (Lair:1)
  6 komodo dragons
  2 trolls
  A hornet (D:9)
  10 blink frogs
  Prince Ribbit (D:5)
  A vampire (D:9)
  45 yaks
  2 basilisks
  A wraith (D:12)
  A wyvern (Lair:3)
  10 humans (D:8)
  2 vampire mosquitoes (D:10)
  6 fire elementals (Volcano)
  An acid dragon (D:10)
  A two-headed ogre zombie (D:10)
  2 swamp worms (Lair:2)
  11 water moccasins
  4 nagas (Lair:4)
  Duvessa (D:4)
  7 orc warriors
  A black bear (D:5)
  2 sky beasts (D:6)
  4 ogres
  10 wolves
  8 centaurs
  A necrophage (D:6)
  7 phantoms
  Blork the orc (D:6)
  A wyvern zombie (D:6)
  14 bullfrogs
  A scorpion (D:6)
  8 earth elementals
  A wyvern skeleton (D:6)
  Dowan (D:4)
  2 troll zombies (D:10)
  20 killer bees
  7 wights
  2 howler monkeys (D:10)
  2 electric eels (Lair:2)
  A bullfrog zombie (D:7)
  5 centaur zombies
  4 hounds
  6 orc priests
  12 orc wizards
  5 ogre zombies (D:10)
  A hound skeleton (D:4)
  9 adders
  4 gnolls
  A river rat (D:10)
  A shadow imp (D:7)
  4 dart slugs
  2 worms
  22 orcs
  4 bats
  7 endoplasms
  4 giant cockroaches
  7 hobgoblins
  16 jackals
  6 kobolds
  4 quokkas
  7 ball pythons
  3 frilled lizards
  6 goblins
  A goblin skeleton (D:10)
  4 goblin zombies (D:10)
  2 hobgoblin zombies (D:10)
  2 orc skeletons (D:10)
  16 orc zombies (D:10)
  14 rats
  A fire vortex (Volcano)
  2 toadstools (D:1)
430 creatures vanquished.

Vanquished Creatures (others)
  An orc (D:7)
  A fire vortex (Volcano)
  7 fungi
  4 plants
  2 toadstools (D:1)
15 creatures vanquished.

Grand Total: 445 creatures vanquished

Notes
Turn   | Place    | Note
-------+----------+-------------------------------------------
     0 | D:1      | Peloso the Minotaur Fighter began the quest for the Orb.
     0 | D:1      | Reached XP level 1. HP: 19/19 MP: 0/0
   123 | D:1      | Reached XP level 2. HP: 21/27 MP: 1/1
   223 | D:1      | Reached skill level 4 in Armour
   544 | D:1      | Reached XP level 3. HP: 31/33 MP: 2/2
  1184 | D:2      | Reached skill level 1 in Dodging
  1184 | D:2      | Reached XP level 4. HP: 34/40 MP: 3/3
  1316 | D:2      | Found a faded altar of an unknown god.
  2195 | D:3      | Noticed a water moccasin
  2290 | D:3      | Reached XP level 5. HP: 42/46 MP: 4/4
  2389 | D:3      | Killed a water moccasin
  2390 | D:3      | Reached skill level 5 in Long Blades
  2390 | D:3      | Reached skill level 5 in Armour
  2391 | D:3      | HP: 2/47 [poisoned by a water moccasin]
  2654 | D:3      | Reached XP level 6. HP: 53/53 MP: 5/5
  3030 | D:3      | Found Tiriu's Antique Armour Shop.
  3395 | D:4      | Noticed Pikel
  3452 | D:3      | Killed Pikel
  3453 | D:3      | Reached skill level 5 in Fighting
  3453 | D:3      | Reached skill level 6 in Armour
  3453 | D:3      | Reached XP level 7. HP: 9/61 MP: 6/6
  4181 | D:3      | HP: 3/61 [orc warrior/+0 battleaxe (10)]
  4189 | D:3      | Reached skill level 7 in Armour
  4189 | D:3      | Reached XP level 8. HP: 6/70 MP: 7/7
  4662 | D:4      | Noticed Duvessa
  4662 | D:4      | Noticed Dowan
  4664 | D:4      | Identified the ring "Jaocov" {Fire Int+8}
  4794 | D:4      | Killed Duvessa
  4795 | D:4      | Reached skill level 5 in Shields
  5082 | D:4      | Killed Dowan
  5313 | D:4      | Reached skill level 8 in Armour
  5528 | D:5      | Entered Level 5 of the Dungeon
  5536 | D:5      | Found Foofe's Weapon Boutique.
  5808 | D:5      | Found a staircase to the Ecumenical Temple.
  5836 | D:5      | Noticed Prince Ribbit
  5873 | D:5      | Killed Prince Ribbit
  5877 | Temple   | Entered the Ecumenical Temple
  6222 | Temple   | Became a worshipper of Warmaster Okawaru
  6277 | D:5      | Reached skill level 9 in Armour
  6718 | D:5      | Reached XP level 9. HP: 40/78 MP: 8/8
  6719 | D:5      | HP: 1/78 [ogre/+0 giant club (18)]
  7462 | D:5      | Found a snail-covered altar of Cheibriados.
  7694 | D:6      | Reached skill level 10 in Armour
  7737 | D:6      | Found Wosaepei's General Store.
  7781 | D:6      | Noticed Blork the orc
  7794 | D:6      | Killed Blork the orc
  8535 | D:6      | Reached * piety under Okawaru
  9722 | D:7      | Noticed Joseph
  9960 | D:7      | Reached skill level 11 in Armour
  9987 | D:7      | Reached skill level 10 in Long Blades
 10056 | D:7      | HP: 1/79 [Joseph/sling bullet (17)]
 10676 | D:7      | Killed Joseph
 11089 | D:7      | Noticed Harold
 11102 | D:7      | Killed Harold
 11102 | D:7      | Reached ** piety under Okawaru
 11103 | D:7      | Reached skill level 1 in Stealth
 11103 | D:7      | Reached XP level 10. HP: 19/86 MP: 6/9
 11942 | D:3      | Bought a pair of faintly humming gloves for 266 gold pieces
 11942 | D:3      | Identified the +3 pair of gloves of Hopscotch {Regen+ rCorr
                  | Stlth-} (You bought it in a shop on level 3 of the Dungeon)
 12103 | D:8      | Noticed Maggie
 12117 | D:8      | Killed Maggie
 12219 | D:8      | Noticed Erica
 12242 | D:7      | Killed Erica
 12263 | D:7      | Reached *** piety under Okawaru
 12264 | D:7      | Reached skill level 12 in Armour
 12304 | D:8      | Found a staircase to the Lair.
 12385 | D:8      | Reached **** piety under Okawaru
 12427 | D:8      | Reached XP level 11. HP: 91/95 MP: 10/10
 12440 | D:8      | Reached ***** piety under Okawaru
 12698 | D:8      | Found Luenu Zes's Jewellery Emporium.
 13252 | D:9      | Reached skill level 13 in Armour
 13773 | D:10     | Entered Level 10 of the Dungeon
 14055 | D:10     | Received a gift from Okawaru
 14198 | D:10     | Noticed a brown ugly thing
 14231 | D:10     | Killed a brown ugly thing
 14342 | D:10     | Found a staircase to the Orcish Mines.
 14416 | D:10     | Found a sparkling altar of Nemelex Xobeh.
 14433 | D:10     | Noticed a two-headed ogre
 14443 | D:10     | Killed a two-headed ogre
 14444 | D:10     | Reached skill level 1 in Invocations
 14553 | D:10     | Found a shimmering altar of Xom.
 14814 | D:10     | Found Meonk's Magic Scroll Shoppe.
 14993 | D:3      | Bought a shiny kite shield for 210 gold pieces
 15156 | Lair:1   | Entered Level 1 of the Lair of Beasts
 15233 | Lair:1   | Received a gift from Okawaru
 15234 | Lair:1   | Reached skill level 10 in Fighting
 15308 | Lair:1   | Reached skill level 14 in Armour
 15308 | Lair:1   | Reached XP level 12. HP: 106/106 MP: 11/11
 15318 | Lair:1   | Found a blossoming altar of Fedhas.
 16120 | Lair:2   | Found a dark tunnel.
 16128 | Volcano  | Entered a volcano
 16154 | Volcano  | Reached skill level 10 in Shields
 16454 | Lair:2   | Noticed a five-headed hydra
 16470 | Lair:2   | Killed a seven-headed hydra
 17060 | Lair:2   | Found a staircase to the Swamp.
 17070 | Lair:2   | Reached skill level 15 in Armour
 17710 | Lair:3   | Reached ****** piety under Okawaru
 17711 | Lair:3   | Reached XP level 13. HP: 104/117 MP: 12/12
 17775 | Lair:3   | Identified the -1 buckler of Incorporation {Rampage rPois
                  | rF- rN+++} (Okawaru gifted it to you on level 3 of the Lair
                  | of Beasts)
 17775 | Lair:3   | Received a gift from Okawaru
 17782 | Lair:3   | Reached skill level 15 in Long Blades
 18102 | Lair:4   | Found a basalt altar of Yredelemnul.
 18148 | Lair:4   | Identified the +3 scale mail "Tecaaf Lufe" {Int+3}
 18443 | Lair:4   | Found a staircase to the Snake Pit.
 18997 | D:11     | Found Foobown's Magic Scroll Shop.
 19006 | D:11     | Bought a scroll of teleportation for 48 gold pieces
 19006 | D:11     | Bought a scroll of magic mapping for 56 gold pieces
 19006 | D:11     | Bought a scroll of identify for 32 gold pieces
 19031 | D:11     | Noticed Urug
 19050 | D:11     | Killed Urug
 19254 | D:11     | Reached skill level 16 in Armour
 20131 | D:12     | Identified the +6 spear "Mebe" {antimagic, rCorr} (Okawaru
                  | gifted it to you on level 12 of the Dungeon)
 20131 | D:12     | Received a gift from Okawaru
 20804 | Orc:1    | Entered Level 1 of the Orcish Mines
 20804 | Orc:1    | Noticed Jorgrun
 20831 | Orc:1    | Slain by an ogre

Illustrated notes

Levels and vault maps discovered:
D:1:      ldierk_water_garden, layout_rooms
D:2:      layout_basic, basic_ecumenical_altar, chequers_serial_rivers_micro_d,
          minmay_split_cup_small
D:3:      layout_loops_ring, serial_shops, nicolae_shop_behind_doors
D:4:      layout_basic, minmay_misc_feat_ornament, minivault_25, uniq_pikel,
          uniq_duvessa
D:5:      layout_loops_ring, cheibrodos_worm_habitat, minmay_temple_entry_waves,
          serial_shops, nicolae_square_shop, uniq_prince_ribbit1
D:6:      layout_basic, serial_shops, nicolae_lakefront_shop, uniq_blork_the_orc
D:7:      layout_basic, nicolae_figureground_sparkle, uniq_joseph, uniq_harold
D:8:      erik_cavepeople, layout_gridville, grunt_lair_entry_orc_guard_hut,
          serial_shops, nicolae_stop_n_shop_1, uniq_maggie, uniq_erica
D:9:      layout_gridville
D:10:     minmay_stone_box, layout_long_grid, nicolae_overflow_hidden_temple,
          zombieorc2_lemuel, serial_shops, nicolae_lakefront_shop, pond
D:11:     layout_roguey, serial_shops, nicolae_shop_trees, minivault_26,
          uniq_urug
D:12:     layout_small_grid
Temple:   compressed_dpeg_circular_temple
Lair:1:   layout_roguey, lemuel_oklob_altar, grunt_megastairs_5
Lair:2:   layout_regular_city, nicolae_swamp_entry_splash_gauntlet,
          nicolae_volcano_entry_two_sided, infiniplex_staircase_pool,
          lemuel_fruit_fields, lemuel_fruit_tree, serial_bayou_shore_b
Lair:3:   dpeg_oklob_gauntlet, layout_misc_corridors
Lair:4:   layout_loops_ring, minmay_snake_entry_guardpost_small, basic_altar,
          infiniplex_staircase_pool_2
Orc:1:    layout_caves, serial_shops, shop, shop_coins, shop, uniq_jorgrun

Skill      XL: |  1  2  3  4  5  6  7  8  9 10 11 12 13 |
---------------+----------------------------------------+-----
Armour         | 4 5 6 7 9 11 12 14 15 16 | 16.3
Shields        | 4 5 6 7 9 11 12 | 12.6
Fighting       | 4 5 6 7 8 10 11 12 | 12.3
Long Blades    | 3 4 5 6 7 8 10 12 13 14 15 | 15.6
Dodging        | 1 2 3 |  3.2
Stealth        | 1 |  1.8
Invocations    | 1 |  1.1

Action                   |  1- 3 |  4- 6 |  7- 9 | 10-12 | 13-15 || total
-------------------------+-------+-------+-------+-------+-------++-------
Melee: Long sword        |    95 |   160 |   378 |    99 |       ||   732
       Headbutt          |     8 |    17 |    69 |   187 |    61 ||   342
       Scimitar          |       |       |       |   700 |   263 ||   963
Invok: Heroism           |       |       |     2 |     9 |     2 ||    13
Evoke: Wand              |       |       |       |       |    11 ||    11
  Use: Potion            |       |     6 |     3 |     1 |     1 ||    11
       Scroll            |       |       |     5 |     4 |     1 ||    10
Armor: Scale mail        |    62 |     9 |       |       |       ||    71
       Chain mail        |       |   104 |    11 |       |       ||   115
       Plate armour      |       |       |   164 |   511 |   171 ||   846
Dodge: Dodged            |    66 |    55 |    93 |   278 |    62 ||   554
Block: Buckler           |    32 |    41 |    84 |   157 |       ||   314
       Kite shield       |       |       |       |   245 |   184 ||   429
       Reflection        |       |       |       |     7 |     2 ||     9
